Workbook
Name ___00結果表: [1]東京:全国!$A$2:$I$37
Name ___DAT1: '[2]TN-JPT単価表(Rev.2)'!#REF!
Name ___DAT1: '[2]TN-JPT単価表(Rev.2)'!#REF!
Name ___DAT1: '[2]TN-JPT単価表(Rev.2)'!#REF!
Name ___DAT10: '[2]TN-JPT単価表(Rev.2)'!#REF!
Name ___DAT10: '[2]TN-JPT単価表(Rev.2)'!#REF!
Name ___DAT10: '[2]TN-JPT単価表(Rev.2)'!#REF!
Name ___DAT12: '[2]TN-JPT単価表(Rev.2)'!#REF!
Name ___DAT12: '[2]TN-JPT単価表(Rev.2)'!#REF!
Name ___DAT12: '[2]TN-JPT単価表(Rev.2)'!#REF!
Name ___DAT13: '[2]TN-JPT単価表(Rev.2)'!#REF!
Name ___DAT13: '[2]TN-JPT単価表(Rev.2)'!#REF!
Name ___DAT13: '[2]TN-JPT単価表(Rev.2)'!#REF!
Name ___DAT14: '[2]TN-JPT単価表(Rev.2)'!#REF!
Name ___DAT14: '[2]TN-JPT単価表(Rev.2)'!#REF!
Name ___DAT14: '[2]TN-JPT単価表(Rev.2)'!#REF!
Name ___DAT15: '[2]TN-JPT単価表(Rev.2)'!#REF!
Name ___DAT15: '[2]TN-JPT単価表(Rev.2)'!#REF!
Name ___DAT15: '[2]TN-JPT単価表(Rev.2)'!#REF!
Name ___DAT16: '[2]TN-JPT単価表(Rev.2)'!#REF!
Name ___DAT16: '[2]TN-JPT単価表(Rev.2)'!#REF!
Name ___DAT16: '[2]TN-JPT単価表(Rev.2)'!#REF!
Name ___DAT17: '[2]TN-JPT単価表(Rev.2)'!#REF!
Name ___DAT17: '[2]TN-JPT単価表(Rev.2)'!#REF!
Name ___DAT17: '[2]TN-JPT単価表(Rev.2)'!#REF!
Name ___DAT18: '[2]TN-JPT単価表(Rev.2)'!#REF!
Name ___DAT18: '[2]TN-JPT単価表(Rev.2)'!#REF!
Name ___DAT18: '[2]TN-JPT単価表(Rev.2)'!#REF!
Name ___DAT19: '[2]TN-JPT単価表(Rev.2)'!#REF!
Name ___DAT19: '[2]TN-JPT単価表(Rev.2)'!#REF!
Name ___DAT19: '[2]TN-JPT単価表(Rev.2)'!#REF!
Name ___DAT2: '[2]TN-JPT単価表(Rev.2)'!#REF!
Name ___DAT2: '[2]TN-JPT単価表(Rev.2)'!#REF!
Name ___DAT2: '[2]TN-JPT単価表(Rev.2)'!#REF!
Name ___DAT20: '[2]TN-JPT単価表(Rev.2)'!#REF!
Name ___DAT20: '[2]TN-JPT単価表(Rev.2)'!#REF!
Name ___DAT20: '[2]TN-JPT単価表(Rev.2)'!#REF!
Name ___DAT21: '[2]TN-JPT単価表(Rev.2)'!#REF!
Name ___DAT21: '[2]TN-JPT単価表(Rev.2)'!#REF!
Name ___DAT21: '[2]TN-JPT単価表(Rev.2)'!#REF!
Name ___DAT22: '[2]TN-JPT単価表(Rev.2)'!#REF!
Name ___DAT22: '[2]TN-JPT単価表(Rev.2)'!#REF!
Name ___DAT22: '[2]TN-JPT単価表(Rev.2)'!#REF!
Name ___DAT23: '[2]TN-JPT単価表(Rev.2)'!#REF!
Name ___DAT23: '[2]TN-JPT単価表(Rev.2)'!#REF!
Name ___DAT23: '[2]TN-JPT単価表(Rev.2)'!#REF!
Name ___DAT24: '[2]TN-JPT単価表(Rev.2)'!#REF!
Name ___DAT24: '[2]TN-JPT単価表(Rev.2)'!#REF!
Name ___DAT24: '[2]TN-JPT単価表(Rev.2)'!#REF!
Name ___DAT25: '[2]TN-JPT単価表(Rev.2)'!#REF!
Name ___DAT25: '[2]TN-JPT単価表(Rev.2)'!#REF!
Name ___DAT25: '[2]TN-JPT単価表(Rev.2)'!#REF!
Name ___DAT26: '[2]TN-JPT単価表(Rev.2)'!#REF!
Name ___DAT26: '[2]TN-JPT単価表(Rev.2)'!#REF!
Name ___DAT26: '[2]TN-JPT単価表(Rev.2)'!#REF!
Name ___DAT27: '[2]TN-JPT単価表(Rev.2)'!#REF!
Name ___DAT27: '[2]TN-JPT単価表(Rev.2)'!#REF!
Name ___DAT27: '[2]TN-JPT単価表(Rev.2)'!#REF!
Name ___DAT28: '[2]TN-JPT単価表(Rev.2)'!#REF!
Name ___DAT28: '[2]TN-JPT単価表(Rev.2)'!#REF!

Sheet 入札額内訳書
A1: 入札額内訳書（入札書）
H3: 令和 年 月 日
A5: 宮古テレビ株式会社 宛
C7: 住 所 | H7: 印
A8: 提出者 | C8: 商 号
C9: 氏 名
A11: 件名 | B11: 令和７年度宮古テレビケーブルテレビネットワーク耐災害性強化事業（ACAS設備）
A13: 金額 | B13: =G41 -> 0 | E13: （消費税含まない）
A15: 項 番 | B15: 項 目 | E15: 数 量 | F15: 単 位 | G15: 金 額 | H15: 備 考
B16: 【材料費】
A17: Ⅰ－１－エ | B17: 伝送路設備 | E17: 1 | F17: 式 | G17: =入札積算表!J14 -> 0
A18: Ⅰ－１－カ | B18: 送受信装置 | E18: 1 | F18: 式 | G18: =入札積算表!J21 -> 0
A19: Ⅰ－１－キ | B19: 構内伝送路 | E19: 1 | F19: 式 | G19: =入札積算表!J24 -> 0
A20: Ⅰ－１－ク | B20: 電源設備 | E20: 1 | F20: 式 | G20: =入札積算表!J27 -> 0
A21: Ⅰ－１－コ | B21: ヘッドエンド装置 | E21: 1 | F21: 式 | G21: =入札積算表!J36 -> 0
A22: Ⅰ－１－サ | B22: その他事業を実施するために必要な経費 | E22: 1 | F22: 式 | G22: =入札積算表!J56 -> 0
B23: 小計 | G23: =SUM(G17:G22) -> 0
B25: 【工事費】
A26: Ⅰ－２－エ | B26: 伝送路設備 | E26: 1 | F26: 式 | G26: =入札積算表!J66 -> 0
A27: Ⅰ－２－カ | B27: 送受信装置 | E27: 1 | F27: 式 | G27: =入札積算表!J73 -> 0
A28: Ⅰ－２－キ | B28: 構内伝送路 | E28: 1 | F28: 式 | G28: =入札積算表!J76 -> 0
A29: Ⅰ－２－ク | B29: 電源設備 | E29: 1 | F29: 式 | G29: =入札積算表!J79 -> 0
A30: Ⅰ－2－コ | B30: ヘッドエンド装置 | E30: 1 | F30: 式 | G30: =入札積算表!J87 -> 0
A31: Ⅰ－２－サ | B31: その他事業を実施するために必要な経費 | E31: 1 | F31: 式 | G31: =入札積算表!J96 -> 0
B32: 小計 | G32: =SUM(G26:G31) -> 0
B33: Ⅰの合計 | G33: =G23+G32 -> 0
B34: 【共通経費】
A35: Ⅲ－１－ア | B35: 調査設計費 | E35: 1 | F35: 式 | G35: =入札積算表!J114 -> 0
A36: Ⅲ－１－イ | B36: 改修補強費 | E36: 1 | F36: 式 | G36: =入札積算表!J117 -> 0
A37: Ⅲ－１－ウ | B37: 諸経費 | E37: 1 | F37: 式 | G37: =入札積算表!J119 -> 0
B38: 小計 | G38: =SUM(G35:G37) -> 0
B39: Ⅰ・Ⅲの合計 | G39: =G33+G38 -> 0
B40: 調整額 | G40: =入札積算表!J127 -> 0
B41: 合計（税抜） | G41: =G39+G40 -> 0

Sheet 入札積算表
B1: 入札積算表 | I1: 商号 | J1: =入札額内訳書!D8 -> 0
C2: 件名 | F2: =入札額内訳書!B11 -> 令和７年度宮古テレビケーブルテレビネットワーク耐災害性強化事業（ACAS設備）
B4: 項番 | F4: 項 目 | G4: 全体（整備事業及び一体施工工事）
G5: 数量 | H5: 単位 | I5: 単価 | J5: 金額 | K5: 備考
B6: Ⅰ | F6: 施設・設備費
C7: 1 | F7: 施設・設備の資材費等 | J7: =J8+J10+J12+J14+J18+J21+J24+J27+J33+J36+J56 -> 0
D8: ア | F8: 局舎・センター施設 | J8: =SUM(J9) -> 0
F9: ・・・
D10: イ | F10: 鉄塔 | J10: =SUM(J11) -> 0
F11: ・・・
D12: ウ | F12: 外構施設 | J12: =SUM(J13) -> 0
F13: ・・・
D14: エ | F14: 伝送路設備 | J14: =SUM(J16:J16) -> 0
F15: （線路設備）
F17: ・・・
D18: オ | F18: 無線アクセス装置
F20: ・・・
D21: カ | F21: 送受信装置 | J21: =SUM(J22:J22) -> 0
F23: ・・・
D24: キ | F24: 構内伝送路 | J24: =SUM(J25:J25) -> 0
F26: ・・・
D27: ク | F27: 電源設備 | J27: =SUM(J28:J32) -> 0
F28: （発電機設備）
F30: （無停電電源設備）
F32: ・・・
D33: ケ | F33: 監視制御・測定装置 | J33: =SUM(J34:J34) -> 0
F35: ・・・
D36: コ | F36: ヘッドエンド装置 | J36: =SUM(J37:J55) -> 0
F37: （ACAS設備）
E38: 1 | F38: ダブルハブ3Uサブラック | G38: 1 | H38: 台 | J38: =G38*I38 -> 0
E39: 2 | F39: 4K HEVCエンコーダーユニット | G39: 1 | H39: 台 | J39: =G39*I39 -> 0
E40: 3 | F40: 2K HEVCエンコーダーユニット | G40: 1 | H40: 台 | J40: =G40*I40 -> 0
E41: 4 | F41: 高度ケーブル自主放送用SI/MUX QAM変調ユニット | G41: 8 | H41: 台 | J41: =G41*I41 -> 0
E42: 5 | F42: サブラック用ブランクパネル | G42: 1 | H42: 枚 | J42: =G42*I42 -> 0
E43: 6 | F43: EPGデータ変換ソフト | G43: 1 | H43: 台 | J43: =G43*I43 -> 0
E44: 7 | F44: SNMPマネージャEX | G44: 1 | H44: 台 | J44: =G44*I44 -> 0
E45: 8 | F45: 標準サーバ | G45: 1 | H45: 台 | J45: =G45*I45 -> 0
E46: 9 | F46: タイムサーバ | G46: 1 | H46: 台 | J46: =G46*I46 -> 0
E47: 10 | F47: モニター切替器 | G47: 1 | H47: 台 | J47: =G47*I47 -> 0
E48: 11 | F48: 混合分配ユニット用１Ｕサブラック | G48: 1 | H48: 台 | J48: =G48*I48 -> 0
E49: 12 | F49: 上り／下り専用 出力モニター付き12混合ユニット | G49: 1 | H49: 台 | J49: =G49*I49 -> 0
E50: 13 | F50: スイッチングハブ | G50: 1 | H50: 台 | J50: =G50*I50 -> 0
F53: （自動送出装置）
D56: サ | F56: その他事業を実施するために必要な経費 | J56: =SUM(J57:J58) -> 0
C59: 2 | F59: 施設・設備の設置に係る工事費 | J59: =J60+J62+J64+J66+J70+J73+J76+J79+J84+J87+J96 -> 0
D60: ア | F60: 局舎・センター施設 | J60: =SUM(J61) -> 0
F61: ・・・
D62: イ | F62: 鉄塔 | J62: =SUM(J63) -> 0
F63: ・・・
D64: ウ | F64: 外構施設 | J64: =SUM(J65) -> 0
F65: ・・・
D66: エ | F66: 伝送路設備 | J66: =SUM(J68:J69) -> 0
F67: （線路設備）
D70: オ | F70: 無線アクセス装置 | J70: =SUBTOTAL(9,J71:J72) -> 0
F72: ・・・
D73: カ | F73: 送受信装置 | J73: =SUM(J74:J74) -> 0
F75: ・・・
D76: キ | F76: 構内伝送路 | J76: =SUM(J77) -> 0
F78: ・・・
D79: ク | F79: 電源設備 | J79: =SUM(J80:J83) -> 0
F80: （発電機設備）
F82: （無停電電源設備）
D84: ケ | F84: 監視制御・測定装置 | J84: =SUM(J85:J86) -> 0
F86: ・・・
D87: コ | F87: ヘッドエンド装置 | J87: =SUM(J88:J95) -> 0
F88: （ACAS設備）
E89: 1 | F89: 機器設置設定費 | G89: =工事根拠!E90 -> 6 | H89: 人日 | J89: =G89*I89 -> 0 | M89: 職種：国交省労務単価電気通信技術者相当
E90: 2 | F90: 機器設置設定費 | G90: =工事根拠!E92 -> 6 | H90: 人日 | J90: =G90*I90 -> 0 | M90: 職種：国交省労務単価電気通信技術員相当
E91: 3 | F91: 機器調整費 | G91: =工事根拠!E94 -> 2 | H91: 人日 | J91: =G91*I91 -> 0
F94: （自動送出装置）
D96: サ | F96: その他事業を実施するために必要な経費 | J96: =SUM(J97:J98) -> 0
C99: 3 | F99: 附帯施設（大臣が別に定める施設・設備）の資材費等構施設 | J99: =SUM(J100) -> 0
C101: 4 | F101: 附帯施設（大臣が別に定める施設・設備）の設置に係る工事費 | J101: =SUM(J102) -> 0
F103: 小計 | J103: =J101+J99+J59+J7 -> 0
B104: Ⅱ | F104: 用地取得・道路費
C105: 1 | F105: 用地取得・道路費 | J105: =SUM(J106:J109) -> 0
D106: ア | F106: 用地取得費（用地購入費） | J106: 0
D107: イ | F107: 土地造成費 | J107: 0
D108: ウ | F108: 取り付け道路整備費 | J108: 0
D109: エ | F109: 附帯工事費 | J109: 0
F110: ・・・
F111: 小計 | J111: =J105 -> 0
B112: Ⅲ | F112: 共通経費
C113: 1
D114: ア | F114: 調査設計費 | J114: =SUM(J115:J116) -> 0
E115: 1 | F115: 完成図書作成 | G115: 1 | H115: 式 | J115: =G115*I115 -> 0
F116: ・・・
D117: イ | F117: 改修補強費 | J117: 0
F118: ・・・
D119: ウ | F119: 諸経費 | J119: =SUM(J120:J123) -> 0
E120: 1 | F120: 共通仮設費 | G120: 1 | H120: 式
E121: 2 | F121: 安全対策費
E122: 3 | F122: 現場管理費 | G122: 1 | H122: 式
E123: 4 | F123: 一般管理費 | G123: 1 | H123: 式
F125: 小計 | J125: =J114+J117+J119 -> 0
F126: Ⅰ～Ⅲの合計 | J126: =J103+J111+J125 -> 0
F127: 調整額
F128: 合計（税抜） | J128: =J126+J127 -> 0

Sheet 共通費計算表
A1: ④CATV施設施工共通費計算表(20240331) （国交省公共建築工事共通費積算基準（令和6年改定）に準拠）
A3: ＊「改修工事」または「新営工事」の別により入力欄を選んでください。
A4: ＊工期（小数第1位まで）と直接工事費（千円）を入力すると純工事費、工事原価、工事価格を自動計算します。
A5: ＊共通仮設費を積上げた場合は共通仮設費(積上分）欄に記入してください。
A6: ＊自動計算に含まれない共通仮設費がある場合は共通仮設費(追加積上分）欄に記入してください。
C7: 改修工事 | J7: 新営工事
B8: １．工期を入力
B9: 工事の工期を月数で入力 | C9: 0 | J9: 4
E10: 直接工事費 | F10: =C13 -> 0 | L10: 直接工事費 | M10: =J13 -> 0
B11: ２．直接工事費の金額を入力（千円） （直接工事費=労務費＋材料費） | E11: 共通仮設費 | F11: =ROUNDDOWN(IF(C14<=0,F10*C22+C15,C14+C15),3) -> #NUM! | L11: 共通仮設費 | M11: =ROUNDDOWN(IF(J14<=0,M10*J22+J15,J14+J15),3) -> #NUM!
B12: 項 目 | C12: 改修工事 | E12: 純工事費 | F12: =F10+F11 -> #NUM! | J12: 新営工事 | L12: 純工事費 | M12: =M10+M11 -> #NUM!
B13: P = 直接工事費 | C13: 0 | E13: 現場管理費 | F13: =ROUNDDOWN(F12*C23,0) -> #NUM! | J13: =ROUNDDOWN(入札積算表!K103/1000,0) -> 0 | L13: 現場管理費 | M13: =ROUNDDOWN(M12*J23,0) -> #NUM!
B14: 共通仮設費（積上分） | C14: 0 | J14: 0
B15: 共通仮設費（追加積上分） | C15: 0 | J15: 0
E16: 工事原価 | F16: =F13+F12 -> #NUM! | L16: 工事原価 | M16: =M13+M12 -> #NUM!
E17: 一般管理費等 | F17: =ROUNDDOWN(F16*C24,0) -> #NUM! | L17: 一般管理費等 | M17: =ROUNDDOWN(M16*J24,0) -> #NUM!
B18: N p = 純工事費 | C18: =F12 -> #NUM! | E18: 工事価格 | F18: =F17+F16 -> #NUM! | G18: (千円)税抜き | J18: =M12 -> #NUM! | L18: 工事価格 | M18: =M17+M16 -> #NUM! | N18: (千円)税抜き
B19: C p = 工事原価 | C19: =F16 -> #NUM! | J19: =M16 -> #NUM! | L19: 諸経費 | M19: =ROUNDDOWN((M11+M13+M17)*1000,-3) -> #NUM!
B21: 項 目 | C21: 改修工事 | J21: 新営工事
B22: 共通仮設費率 | C22: =ROUND(EXP(1.751-0.119*LN(C13)+0.393*LN(C9)),2)/100 -> #NUM! | E22: 工事原価 | G22: 工事原価 | J22: =ROUND((EXP(3.086-0.283*LN(J13)+0.673*LN(J9))),2)/100 -> #NUM! | L22: 工事原価 | N22: 工事原価
B23: 現場管理費率 | C23: =ROUND(EXP(6.038-0.431*LN(C18)+0.736*LN(C9)),2)/100 -> #NUM! | E23: 3百万円以下 | F23: 計算値 | G23: 20億円を超える | J23: =ROUND(EXP(5.961-0.387*LN(J18)+0.629*LN(J9)),2)/100 -> #NUM! | L23: 3百万円以下 | M23: 計算値 | N23: 20億円を超える
B24: 一般管理費等率 | C24: =IF($C$19>3000,IF(2000000>C19,F24,G24),E24) -> #NUM! | E24: 0.1749 | F24: =ROUND(29.102-(3.34*LOG($C$19)),2)/100 -> #NUM! | G24: 0.0806 | J24: =IF($J$19>3000,IF(2000000>J19,M24,N24),L24) -> #NUM! | L24: 0.1749 | M24: =ROUND(29.102-(3.34*LOG($J$19)),2)/100 -> #NUM! | N24: 0.0806

Sheet 工事根拠
A1: 工事人工及び単価算出根拠
A3: 項目 | B3: 数量 | C3: 1日あたり敷設 | D3: 稼働日数 | E3: 班人数 | F3: 合計人日 | G3: 備考
A4: 光ﾌｧｲﾊﾞ-ｹｰﾌﾞﾙ敷設 | B4: 179506 | C4: 700 | D4: =B4/C4 -> 256.43714 | E4: 8 | F4: =ROUND(D4*E4,0) -> 2051
A5: 光ｸﾛ-ｼﾞｬ- 設置 | B5: =SUM('[37]見積書 (内訳)'!#REF!) -> #REF! | C5: 12 | D5: =B5/C5 -> #REF! | E5: 5 | F5: =ROUND(D5*E5,0) -> #REF!
A6: 装柱材料（一般柱）設置 | B6: =SUM('[37]見積書 (内訳)'!#REF!) -> #REF! | C6: 20 | D6: =B6/C6 -> #REF! | E6: 6 | F6: =ROUND(D6*E6,0) -> #REF! | G6: ①～⑧＝4,189
A7: ｽﾊﾟｲﾗﾙﾊﾝｶﾞｰ設置 | B7: ='[37]見積書 (内訳)'!#REF! -> #REF! | C7: 400 | D7: =B7/C7 -> #REF! | E7: 6 | F7: =ROUND(D7*E7,0) -> #REF!
A8: メッセンジャーワイヤー | B8: ='[37]見積書 (内訳)'!#REF! -> #REF! | C8: 450 | D8: =B8/C8 -> #REF! | E8: 6 | F8: =ROUND(D8*E8,0) -> #REF!
A9: 吊線十字金物 ① | B9: ='[37]見積書 (内訳)'!#REF! -> #REF!
A10: 吊線柱間分岐金物 ② | B10: ='[37]見積書 (内訳)'!#REF! -> #REF!
A11: 装柱金物(直線) ③ | B11: ='[37]見積書 (内訳)'!#REF! -> #REF!
A12: 装柱金物（片引留） ④ | B12: ='[37]見積書 (内訳)'!#REF! -> #REF!
A13: 装柱金物（両引留） ⑤ | B13: ='[37]見積書 (内訳)'!#REF! -> #REF!
A14: 槍出金具ｱ－ﾑ 300 ⑥ | B14: ='[37]見積書 (内訳)'!#REF! -> #REF!
A15: 槍出金具ｱ－ﾑ 600 ⑦ | B15: ='[37]見積書 (内訳)'!#REF! -> #REF!
A16: 槍出金具ｱ－ﾑ 1000 ⑧ | B16: ='[37]見積書 (内訳)'!#REF! -> #REF!
A17: 光ドロップケーブル | B17: ='[37]見積書 (内訳)'!#REF! -> #REF! | G17: 1件80ｍ×2，000世帯
A19: 安全対策費（人日）の算出根拠 | B19: 光ﾌｧｲﾊﾞｰｹｰﾌﾞﾙ敷設、光ｸﾛｰｼﾞｬｰ設置、装柱材料設置、ｽﾊﾟｲﾗﾙﾊﾝｶﾞｰ設置、ﾒｯｾﾝｼﾞｬｰﾜｲﾔｰ敷設の
B20: 稼働日数の合計 | D20: =ROUND(SUM(D4:D8),0) -> #REF!
A24: 伝送／接続損失試験 接続箇所（エ 項目3～10 合計） | B24: =SUM('[37]見積書 (内訳)'!#REF!) -> #REF! | C24: 3 | D24: =B24/C24 -> #REF! | E24: 2 | F24: =+ROUNDUP(D24*E24,0) -> #REF!
A25: 引込工事 | B25: 1500 | C25: 3 | D25: =B25/C25 -> 500 | E25: 4 | F25: =ROUNDUP(D25*E25,0) -> 2000
A27: 国交省設計業務委託等技術者単価 令和7年3月から | B27: 全国
A28: 主任技術者 | B28: 88600
A30: 国交省公共工事設計労務単価 令和7年3月から | B30: 沖縄県 | C30: 国交省公共工事設計労務単価 令和7年3月から | F30: 沖縄県
A31: 特殊作業員 | B31: 26200 | C31: 左官 | F31: 30700
A32: 電工 | B32: 21600 | C32: 配管工 | F32: 21800
A33: 設備機械工 | B33: 24500 | C33: はつり工 | F33: 28800
A34: 交通誘導員A | B34: 15300 | C34: ダクト工 | F34: 21300
A35: 交通誘導員B | B35: 13000 | C35: 型わく工 | F35: 31100
A36: 安全対策費単価 | B36: =(B34+B35)/2 -> 14150 | C36: 交通誘導員(A+B)/2
A38: 令和7年3月1日から適用する電気通信関係技術者等単価
A39: 電気通信技術者 | B39: 38800
A40: 電気通信技術員 | B40: 26100
B42: 実長(m) | C42: 1日あたり調査(m) | D42: 稼働日 | E42: 人員 | F42: 人工 | G42: 合計
A43: 伝送路調査人工 | B43: =B4 -> 179506 | C43: 850 | D43: =+ROUNDUP(B43/C43,0) -> 212 | E43: 4 | F43: =D43*E43 -> 848 | G43: =+ROUNDUP(F43+F44,0) -> 1208
A44: 伝送路設計人工 | B44: - | C44: - | D44: 90 | E44: 4 | F44: =D44*E44 -> 360
B46: 基本 | C46: 世帯 | D46: 係数 | E46: 費用(円)
A47: 完成図書作成費 | B47: 54000 | C47: 4451 | D47: 400 | E47: =B47+(C47*D47) -> 1834400 | F47: 添付資料7-3-資料4②
A48: ※日本CATV協会作成 CATV施設施工標準積算工数表参照 基本+(世帯×係数)
A50: 電源設備 発電機設備
A51: Ⅰ-２-ク- 発電機設置費 | B51: 技術者 | C51: 人員 | D51: 稼働数 | E51: 人日
B52: =B32 -> 21600 | C52: 4 | D52: 2.25 | E52: =ROUNDDOWN(C52*D52,0) -> 9
A53: Ⅰ-２-ク- 自動盤設置費 | B53: 技術者 | C53: 人員 | D53: 稼働数 | E53: 人日
B54: =B32 -> 21600 | C54: 4 | D54: 0.75 | E54: =ROUNDDOWN(C54*D54,0) -> 3 | T54: 0
A55: Ⅰ-２-ク- 自動起動選択、切替盤設置費 | B55: 技術者 | C55: 人員 | D55: 稼働数 | E55: 人日
B56: =B32 -> 21600 | C56: 4 | D56: 1.25 | E56: =ROUNDDOWN(C56*D56,0) -> 5
A57: Ⅰ-２-ク- 配管施工費 | B57: 技術者 | C57: 人員 | D57: 稼働数 | E57: 人日
B58: =F32 -> 21800 | C58: 2 | D58: 5 | E58: =ROUNDDOWN(C58*D58,0) -> 10 | T58: 0
A59: Ⅰ-２-ク- 断熱施工費 | B59: 技術者 | C59: 人員 | D59: 稼働数 | E59: 人日
B60: =F32 -> 21800 | C60: 2 | D60: 2 | E60: =ROUNDDOWN(C60*D60,0) -> 4 | T60: 0
A61: Ⅰ-２-ク- ダクト施工費 | B61: 技術者 | C61: 人員 | D61: 稼働数 | E61: 人日
B62: =F34 -> 21300 | C62: 2 | D62: 2.5 | E62: =ROUNDDOWN(C62*D62,0) -> 5 | T62: 0
A63: Ⅰ-２-ク- 標示板、消火器、消火器BOX取付工事 | B63: 技術者 | C63: 人員 | D63: 稼働数 | E63: 人日
B64: =F31 -> 30700 | C64: 1 | D64: 1 | E64: =ROUNDDOWN(C64*D64,0) -> 1 | T64: 0
A65: Ⅰ-２-ク- 金コテ左官、左官補修費 | B65: 技術者 | C65: 人員 | D65: 稼働数 | E65: 人日
B66: =F31 -> 30700 | C66: 1 | D66: 1.25 | E66: =ROUNDDOWN(C66*D66,0) -> 1 | T66: 0
A67: Ⅰ-２-ク- 基礎施工費 | B67: 技術者 | C67: 人員 | D67: 稼働数 | E67: 人日
B68: =F35 -> 31100 | C68: 2 | D68: 1.5 | E68: =ROUNDDOWN(C68*D68,0) -> 3 | T68: 0
A69: Ⅰ-２-ク- ハツリ面左官補修 | B69: 技術者 | C69: 人員 | D69: 稼働数 | E69: 人日
B70: =F31 -> 30700 | C70: 1 | D70: 1 | E70: =ROUNDDOWN(C70*D70,0) -> 1 | T70: 0
A71: Ⅰ-２-ク- 換気扇、フード施工費 | B71: 技術者 | C71: 人員 | D71: 稼働数 | E71: 人日
B72: =B32 -> 21600 | C72: 2 | D72: 1 | E72: =ROUNDDOWN(C72*D72,0) -> 2 | T72: 0
A74: 電源設備 無停電電源装置
A75: Ⅰ-２-ク- 蓄電池盤移設作業（移設後、再接続） | B75: 技術者 | C75: 人員 | D75: 稼働数 | E75: 人日
B76: =B32 -> 21600 | C76: 4 | D76: 2 | E76: =ROUNDDOWN(C76*D76,0) -> 8
A77: Ⅰ-２-ク- 機器搬入、設置作業 | B77: 技術者 | C77: 人員 | D77: 稼働数 | E77: 人日
B78: =B33 -> 24500 | C78: 3 | D78: 2 | E78: =ROUNDDOWN(C78*D78,0) -> 6
A79: Ⅰ-２-ク- 電力線配線、接続作業 | B79: 技術員 | C79: 人員 | D79: 稼働数 | E79: 人日
B80: =B32 -> 21600 | C80: 4 | D80: 1.5 | E80: =ROUNDDOWN(C80*D80,0) -> 6
A81: Ⅰ-２-ク- 撤去機器搬出、運搬作業 | B81: 技術者 | C81: 人員 | D81: 稼働数 | E81: 人日
B82: =B33 -> 24500 | C82: 3 | D82: 2 | E82: =ROUNDDOWN(C82*D82,0) -> 6
A83: Ⅰ-２-ク- 電源切替作業（活線作業） | B83: 技術員 | C83: 人員 | D83: 稼働数 | E83: 人日
B84: =B32 -> 21600 | C84: 4 | D84: 2 | E84: =ROUNDDOWN(C84*D84,0) -> 8
A85: Ⅰ-２-ク- 搬入出作業費 重量工 | B85: 技術員 | C85: 人員 | D85: 稼働数 | E85: 人日
B86: =B31 -> 26200 | C86: 4 | D86: 5 | E86: =ROUNDDOWN(C86*D86,0) -> 20
A88: ヘットエンド装置
A89: Ⅰ-２-コ- 機器設置設定（技術者） | B89: 技術員 | C89: 人員 | D89: 稼働数 | E89: 人日
B90: =B39 -> 38800 | C90: 2 | D90: 3 | E90: =ROUNDDOWN(C90*D90,0) -> 6
A91: Ⅰ-２-コ- 機器設置設定（技術員） | B91: 技術者 | C91: 人員 | D91: 稼働数 | E91: 人日
B92: =B40 -> 26100 | C92: 2 | D92: 3 | E92: =ROUNDDOWN(C92*D92,0) -> 6
A93: Ⅰ-２-コ- システム調整費 | B93: 技術員 | C93: 人員 | D93: 稼働数 | E93: 人日
B94: =B39 -> 38800 | C94: 2 | D94: 1 | E94: =ROUNDDOWN(C94*D94,0) -> 2
A95: ２-コ-？ 機器設置配線工事（技術者） | B95: 技術者 | C95: 人員 | D95: 稼働数 | E95: 人日
B96: =B39 -> 38800 | C96: 1 | D96: 25 | E96: =ROUNDDOWN(C96*D96,0) -> 25 | I96: =B96*E96 -> 970000
A97: ２-コ-？ 機器設置配線工事（技術員） | B97: 技術員 | C97: 人員 | D97: 稼働数 | E97: 人日
B98: =B40 -> 26100 | C98: 5 | D98: 25 | E98: =ROUNDDOWN(C98*D98,0) -> 125 | I98: =B98*E98 -> 3262500
A99: ２-コ-？ 現地システム調整作業（技術者） | B99: 技術者 | C99: 人員 | D99: 稼働数 | E99: 人日
B100: =B39 -> 38800 | C100: 1 | D100: 4 | E100: =ROUNDDOWN(C100*D100,0) -> 4 | I100: =B100*E100 -> 155200
A101: ２-コ-？ 現地システム調整作業（技術員） | B101: 技術員 | C101: 人員 | D101: 稼働数 | E101: 人日
B102: =B40 -> 26100 | C102: 5 | D102: 2 | E102: =ROUNDDOWN(C102*D102,0) -> 10 | I102: =B102*E102 -> 261000
A103: ２-コ-？ システム切替作業（技術者） | B103: 技術者 | C103: 人員 | D103: 稼働数 | E103: 人日
B104: =B39 -> 38800 | C104: 1 | D104: 2 | E104: =ROUNDDOWN(C104*D104,0) -> 2 | I104: =B104*E104 -> 77600
A105: ２-コ-？ システム切替作業（技術員） | B105: 技術員 | C105: 人員 | D105: 稼働数 | E105: 人日
B106: =B40 -> 26100 | C106: 5 | D106: 3 | E106: =ROUNDDOWN(C106*D106,0) -> 15 | I106: =B106*E106 -> 391500
A107: ２-コ-？ APCトレーニング | B107: 技術者 | C107: 人員 | D107: 稼働数 | E107: 人日
B108: =B39 -> 38800 | C108: 1 | D108: 5 | E108: =ROUNDDOWN(C108*D108,0) -> 5 | I108: =B108*E108 -> 194000
A111: １テープ単価3,000円の算出根拠 | B111: 通技Ｂ | C111: 通信工 | D111: 沖縄通技Ｂ | E111: 沖縄通信工 | F111: 添付資料7-3-資料4①、添付資料7-3-資料5
B112: 0.15 | C112: 0.05 | D112: 14500 | E112: 12400
D113: 地区平均通技Ｂ | E113: 地区平均通信工 | F113: 添付資料7-3-資料5
D114: 17900 | E114: 14800
A115: 1ﾃｰﾌﾟ単価3000円の算出
...

Sheet 按分根拠
A3: 按分根拠
A5: 補助対象芯数（交付対象）の考え方
A6: 資料6-1の光ファイバーケーブルの整備（使用）計画より、各区間の「放送使用芯」｛余剰芯｝
A7: を加算し、整備エリアの全ての区間で同様に計算したものを合算した芯数を補助対象芯数とする。
B9: ∴整備エリア全区間の補助対象芯数の合計は | G9: 3283 | H9: （芯）
A12: 補助対象外芯数（交付対象外）の考え方
A13: 資料6-1光ファイバーケーブルの整備（使用）計画より、各区間の「通信使用芯」「未使用芯」
A14: を加算し、整備エリアの全ての区間で同様に計算したものを合算した芯数を交付対象外芯数とする。
B16: ∴整備エリア全区間の補助対象外芯数の合計は | G16: 4157 | H16: （芯）
A19: 以上より、按分率について
A21: 交付対象項目の按分率 ＝ 交付対象芯数合計 ／ ( 交付対象芯数合計 + 交付対象外芯数合計 )
G23: =G9/(G16+G9) -> 0.44126344 | H23: (44.13%)
A25: 交付対象外項目の按分率 ＝交付対象外芯数合計／（ 交付対象芯数合計＋交付対象外芯数合計 ）
G27: =G16/(G16+G9) -> 0.55873656 | H27: (55.87%)
A30: 共通経費の按分について
A31: 「補助対象外部分」は併用する令和2年度「高度無線環境整備推進事業」の交付決定額（令和３年１月２１日）を採用し、「補助対象分」は「全体（整備事業及び一体施工工事）」と「補助対象外部分」との差額とする。
T66: 0
